 Dungeon Crawl Stone Soup version 0.21-a0-401-g0b6bec4 (webtiles) character file.

12667 Madydog the Cleaver (level 11, -2/97 HPs)
             Began as a Green Draconian Berserker on Oct 23, 2017.
             Was a High Priest of Trog.
             Slain by a basilisk (5 damage)
             ... on level 11 of the Dungeon on Oct 24, 2017.
             The game lasted 01:09:55 (13041 turns).

Madydog the Cleaver (Green Draconian Berserker)    Turns: 13041, Time: 01:09:55

Health: -2/97      AC: 10    Str: 22    XL:     11   Next: 65%
Magic:  11/11      EV:  2    Int:  8    God:    Trog [*****.]
Gold:   358        SH:  0    Dex: 11    Spells: 10/10 levels left

rFire    . . .     SeeInvis .   I - +4 battleaxe (freeze)
rCold    . . .     Gourm    .   (shield currently unavailable)
rNeg     + + +     Faith    .   (armour unavailable)
rPois    ∞         Spirit   .   (helmet restricted)
rElec    .         Reflect  .   m - +2 cloak
rCorr    .         Harm     .   (no gloves)
MR       .....                  (no boots)
Stlth    +++.......             (no amulet)
HPRegen  0.26/turn              (no ring)
MPRegen  0.12/turn              (no ring)

@: petrified, berserk cooldown, slowed
A: breathe noxious fumes, unfitting armour, poison resistance, cold-blooded, AC
+7
a: Breathe Noxious Fumes, Berserk, Trog's Hand, Brothers in Arms, Burn
Spellbooks, Renounce Religion


You were on level 11 of the Dungeon.
You worshipped Trog.
Trog was extremely pleased with you.
You were very hungry.

You visited 1 branch of the dungeon, and saw 11 of its levels.

You collected 600 gold pieces.
You spent 242 gold pieces at shops.

Inventory:

Hand Weapons
 a - a +0 giant club
 g - the +7 short sword of Thoughtfulness {drain, Dex+2, unknown}
   (You took it off an orc wizard on level 6 of the Dungeon)

   A truly terrible weapon, it drains the life of those it strikes.
   It affects your dexterity (+2).
 s - a +1 mace of protection
 u - a +2 flail of venom
 C - a +2 quarterstaff of chaos
 E - a +1 halberd of venom
 I - a +4 battleaxe of freezing (weapon)
 L - a +2 hand axe of flaming
 M - a +1 trident of piercing
 U - a +0 quarterstaff of freezing
Armour
 m - a +2 cloak (worn)
Jewellery
 l - an uncursed ring of teleportation
 P - an uncursed amulet of magic regeneration
 T - an uncursed ring of ice
Wands
 q - a wand of scattershot (6/9)
 A - a wand of polymorph (6/24)
 D - a wand of polymorph (13/24)
 K - a wand of lightning (9/15)
Scrolls
 e - a scroll of fear
 o - a scroll of immolation
 p - 7 scrolls of teleportation
 v - 2 scrolls of recharging
 x - 3 scrolls of enchant weapon
 y - 2 scrolls of fog
 F - 4 scrolls of magic mapping
 G - 3 scrolls of remove curse
 H - a scroll of summoning {unknown}
 N - a scroll of amnesia
 O - a scroll of enchant armour
 Q - a scroll of noise {unknown}
Potions
 c - a potion of cancellation {unknown}
 d - a potion of mutation {unknown}
 h - 2 potions of agility
 i - 3 potions of heal wounds {unknown}
 j - 4 potions of lignification
 k - a potion of flight {unknown}
 n - a potion of degeneration {unknown}
 r - a potion of berserk rage
 w - a potion of haste {unknown}
 z - a potion of brilliance {unknown}
 B - 3 potions of might {unknown}
 R - a potion of curing
Comestibles
 b - 7 bread rations
 f - 2 royal jellies
 t - 6 fruits
 W - 6 chunks of flesh


   Skills:
 + Level 9.5 Fighting
 + Level 1.3 Short Blades
 + Level 11.2(12.0) Axes
 + Level 3.2(7.9) Maces & Flails
 + Level 6.7(9.9) Polearms
 + Level 8.9 Dodging
 + Level 5.1 Stealth
 + Level 0.2 Unarmed Combat


You had 10 spell levels left.
You didn't know any spells.

Dungeon Overview and Level Annotations

Branches:
Dungeon (11/15)            Temple (0/1) D:6            Lair (0/6) D:9
    Orc: D:9-12

Altars:
Elyvilon
Fedhas
Gozag
Makhleb
Nemelex Xobeh
Okawaru
Qazlal
Ru
Yredelemnul
The Shining One

Shops:
D:8 *   D:10 *

Annotations:
D:11 Grum


Innate Abilities, Weirdness & Mutations

You can breathe blasts of noxious fumes.
Your lurid green scales are hard. (AC +7)
You cannot fit into any form of body armour.
Your system is resistant to poisons. (rPois)
You are cold-blooded and may be slowed by cold attacks.


Message History

Grum bares his teeth.
Grum hits you but does no damage.
The basilisk hisses menacingly.
The basilisk gazes at you.
The orc warrior hits you with a scimitar!
* * * LOW HITPOINT WARNING * * *
You turn to flesh and can move again.
An orc comes into view.
It is wielding a hand axe of electrocution.
Grum lets out an intimidating howl.
The basilisk gazes at you.
You are slowing down.
The orc shouts!
The orc warrior hits you but does no damage.
The orc warrior barely misses you. The basilisk bites you!
* * * LOW HITPOINT WARNING * * *
You have turned to stone.
The orc warrior hits you with a scimitar!
* * * LOW HITPOINT WARNING * * *
The basilisk bites you!
You die...

##..............
##......#.... ##
####.####.##...
#...##.......#
#...†$).o###.#
#.....###ho##
#.#.####ga##
#... #lo## #.#
#@## ###.....#
#.....# #......
#.....# #.....#
#######


You could see Grum, a basilisk, an orc warrior, a wolf, a worker ant and 2 orcs.

Vanquished Creatures
  Fannar (D:10)
  7 two-headed ogres
  An ugly thing (D:10)
  A gargoyle (D:10)
  A hippogriff (D:8)
  Sigmund (D:2)
  4 yaks (D:10)
  2 vampire mosquitoes (D:11)
  Eustachio (D:6)
  Menkaure (D:6)
  An eye of draining (D:8)
  2 orc warriors
  3 sky beasts
  3 phantoms
  2 ice beasts
  3 wolves (D:11)
  2 necrophages
  9 ogres
  9 centaurs
  A big kobold (D:7)
  A bullfrog (D:8)
  4 scorpions
  A water moccasin skeleton (D:7)
  4 killer bees (D:9)
  3 howler monkeys
  7 crimson imps
  A centaur zombie (D:5)
  3 bullfrog zombies
  2 jellies
  11 orc wizards
  4 hounds
  Crazy Yiuf (D:3)
  8 orc priests
  A gnoll shaman (D:8)
  Terence (D:3)
  Ijyb (D:3)
  4 iguanas
  8 worker ants
  A killer bee zombie (D:9)
  2 hound skeletons
  6 gnolls
  17 adders
  A shadow imp (D:8)
  An ooze (D:2)
  An adder zombie (D:7)
  A worm (D:4)
  2 dart slugs (D:1)
  6 leopard geckos
  47 orcs
  6 bats
  9 giant cockroaches
  10 goblins
  6 hobgoblins
  6 jackals
  10 kobolds
  7 quokkas
  4 frilled lizards
  A leopard gecko skeleton (D:7)
  A leopard gecko zombie (D:6)
  5 rats
  A plant (D:2)
271 creatures vanquished.

Notes
Turn   | Place    | Note
-------+----------+-------------------------------------------
     0 | D:1      | Madydog the Draconian Berserker began the quest for the Orb.
     0 | D:1      | Reached XP level 1. HP: 19/19 MP: 1/1
    41 | D:1      | Reached XP level 2. HP: 11/26 MP: 2/2
   708 | D:1      | Reached XP level 3. HP: 28/33 MP: 3/3
  1108 | D:2      | Reached ** piety under Trog
  1113 | D:2      | Noticed Sigmund
  1143 | D:2      | Killed Sigmund
  1143 | D:2      | Reached XP level 4. HP: 23/41 MP: 4/4
  1143 | D:2      | Reached XP level 5. HP: 27/47 MP: 5/5
  1387 | D:2      | Found a blossoming altar of Fedhas.
  1661 | D:2      | Reached XP level 6. HP: 12/55 MP: 6/6
  2023 | D:3      | Found a stormy altar of Qazlal.
  2058 | D:3      | Found a glowing drain.
  2265 | D:3      | Noticed Terence
  2270 | D:3      | Killed Terence
  2327 | D:3      | Reached skill level 5 in Polearms
  2833 | D:3      | Found a runed door.
  2855 | D:3      | Noticed Ijyb
  2885 | D:3      | Killed Ijyb
  2885 | D:3      | Reached *** piety under Trog
  2890 | D:3      | Paralysed by fainting for 11 turns
  3444 | D:3      | Noticed Crazy Yiuf
  3453 | D:3      | Killed Crazy Yiuf
  3453 | D:3      | Reached skill level 5 in Fighting
  3781 | D:4      | Reached skill level 1 in Maces & Flails
  3818 | D:4      | Reached skill level 1 in Stealth
  3818 | D:4      | Your scales start taking on a lurid green colour.
  3818 | D:4      | Reached XP level 7. HP: 25/61 MP: 7/7
  3818 | D:4      | Gained mutation: Your system is resistant to poisons. (rPois) [Green Draconian growth]
  4134 | D:4      | Found a white marble altar of Elyvilon.
  4149 | D:4      | Reached skill level 1 in Short Blades
  4647 | D:5      | Entered Level 5 of the Dungeon
  4691 | D:5      | Reached skill level 5 in Dodging
  5215 | D:5      | Found a basalt altar of Yredelemnul.
  5372 | D:5      | Reached XP level 8. HP: 68/69 MP: 8/8
  5770 | D:5      | Received a gift from Trog
  5957 | D:6      | Found a staircase to the Ecumenical Temple.
  5957 | D:6      | Noticed Menkaure
  5962 | D:5      | Reached **** piety under Trog
  6478 | D:6      | Reached skill level 1 in Axes
  6556 | D:6      | Noticed Eustachio
  6712 | D:6      | Killed Eustachio
  6712 | D:6      | Reached skill level 2 in Axes
  6857 | D:6      | Killed Menkaure
  6857 | D:6      | Reached skill level 3 in Axes
  6857 | D:6      | Reached XP level 9. HP: 24/78 MP: 9/9
  7294 | D:6      | Got a crystal short sword {drain}
  7480 | D:6      | Reached skill level 4 in Axes
  7492 | D:6      | Found a glowing golden altar of the Shining One.
  7831 | D:7      | Found a burning altar of Makhleb.
  7869 | D:7      | Reached ***** piety under Trog
  8000 | D:7      | Reached skill level 5 in Axes
  9008 | D:8      | Found Buvolul's Assorted Antiques.
  9036 | D:8      | Bought a scroll of enchant weapon for 172 gold pieces
  9099 | D:8      | Reached skill level 6 in Axes
  9203 | D:8      | Noticed a two-headed ogre
  9218 | D:8      | Killed a two-headed ogre
  9218 | D:8      | Reached XP level 10. HP: 9/86 MP: 10/10
  9971 | D:8      | Reached skill level 7 in Axes
 10011 | D:8      | Noticed a two-headed ogre
 10029 | D:8      | Killed a two-headed ogre
 10534 | D:8      | Found an opulent altar of Gozag.
 10534 | D:8      | Found a sparkling altar of Nemelex Xobeh.
 10712 | D:9      | Noticed a two-headed ogre
 10732 | D:9      | Killed a two-headed ogre
 10732 | D:9      | Reached skill level 8 in Axes
 11092 | D:9      | Noticed a two-headed ogre
 11104 | D:9      | Killed a two-headed ogre
 11120 | D:9      | Received a gift from Trog
 11120 | D:9      | Reached skill level 9 in Axes
 11149 | D:9      | Found a sacrificial altar of Ru.
 11216 | D:9      | Found an iron altar of Okawaru.
 11580 | D:9      | Found a staircase to the Lair.
 11663 | D:10     | Entered Level 10 of the Dungeon
 11713 | D:10     | Noticed a two-headed ogre
 11730 | D:10     | Killed a two-headed ogre
 11730 | D:10     | Reached XP level 11. HP: 90/95 MP: 11/11
 11895 | D:10     | Noticed a purple ugly thing
 11919 | D:10     | Killed a purple ugly thing
 12253 | D:10     | Found Itubb's General Store.
 12257 | D:10     | Bought a bread ration for 70 gold pieces
 12336 | D:10     | Noticed Fannar
 12349 | D:10     | Killed Fannar
 12349 | D:10     | Reached skill level 10 in Axes
 12349 | D:10     | Reached skill level 5 in Stealth
 12762 | D:11     | Noticed a two-headed ogre
 12773 | D:11     | Killed a two-headed ogre
 12998 | D:11     | Noticed Grum
 13016 | D:11     | Noticed a two-headed ogre
 13022 | D:11     | Killed a two-headed ogre
 13022 | D:11     | Reached skill level 11 in Axes
 13041 | D:11     | HP: 3/97 [orc warrior/scimitar (3)]
 13041 | D:11     | Slain by a basilisk

Vault maps used:
D:1:      sevenhm_arrival_forest_fort_large_3, serial_glass, glass_columns_a,
          glass_columns_a, glass_columns_c, glass_columns_b, glass_columns_a,
          glass_columns_a, minmay_strange_pillars, due_unseen_surprise,
          feat_on_display
D:2:      fedhas_altar_1, uniq_sigmund
D:3:      gup_sewer_entry_pipe, first_bread, grunt_qazlal_sundering,
          uniq_crazy_yiuf_cottage, uniq_ijyb, uniq_terence
D:4:      elyvilon_altar_4, due_unseen_surprise
D:5:      yredelemnul_altar_generic
D:6:      old_standard_altar, minmay_temple_entry_butterflies, uniq_menkaure,
          uniq_eustachio
D:7:      nicolae_overflow_crystal_walls
D:8:      grunt_temple_overflow_opulence, serial_shops,
          nicolae_shop_competitors_out_of_business
D:9:      kennysheep_mini_moat, lemuel_crystal_altar, lair_entry_dummy
D:10:     serial_shops, shop, uniq_fannar
D:11:     blue_anna_alchemist, kennysheep_generic_room_3, uniq_grum

Skill      XL: |  1  2  3  4  5  6  7  8  9 10 11 |
---------------+----------------------------------+-----
Dodging        | 3 4 5 6 7 8 |  8.9
Fighting       | 4 5 6 7 8 9 |  9.5
Polearms       | 4 5 6 |  6.7
Maces & Flails | 1 3 |  3.2
Stealth        | 1 3 4 5 |  5.1
Short Blades   | 1 |  1.3
Axes           | 3 6 9 11 | 11.2
Unarmed Combat | |  0.2

Action                   |  1- 3 |  4- 6 |  7- 9 | 10-12 || total
-------------------------+-------+-------+-------+-------++-------
Melee: Spear             |   104 |     2 |       |       ||   106
       Tailslap          |    17 |    26 |    65 |    37 ||   145
       Scythe            |       |   127 |       |       ||   127
       Mace              |       |    44 |    66 |       ||   110
       Short sword       |       |    38 |       |       ||    38
       Unarmed           |       |     5 |       |       ||     5
       Trident           |       |       |   146 |       ||   146
       Hand axe          |       |       |   280 |   172 ||   452
       Battleaxe         |       |       |       |   154 ||   154
Invok: Berserk           |     1 |     5 |     6 |     6 ||    18
       Burn Spellbooks   |       |       |       |     2 ||     2
 Abil: Breathe Noxious F |       |       |     1 |     1 ||     2
  Use: Scroll            |       |       |    15 |     7 ||    22
       Potion            |       |       |     2 |       ||     2
 Stab: Sleeping          |       |     1 |     9 |     4 ||    14
       Distracted        |       |       |     1 |       ||     1
       Confused          |       |       |       |     1 ||     1
  Eat: Chunk             |     1 |     5 |    15 |    17 ||    38
       Meat ration       |       |     1 |     1 |       ||     2
       Bread ration      |       |     1 |       |       ||     1
       Fruit             |       |       |     3 |     2 ||     5
Armor: Skin              |    32 |    94 |   136 |    93 ||   355
Dodge: Dodged            |    70 |   218 |   390 |   255 ||   933

Table legend:
 A = Spawn XP
 B = Non-spawn XP
 C = Spawn XP percentage of total XP
 D = Spawn monster count
 E = Non-spawn monster count
 F = Spawn count percentage of total count
 G = Total turns spent on level
                    A         B        C        D         E        F      G
               +---------+---------+-------+---------+---------+-------+---------
         Total |       0 |   18097 |   0.0 |       0 |     270 |   0.0 | 13041
               +---------+---------+-------+---------+---------+-------+---------
           D:1 |       0 |      56 |   0.0 |       0 |      22 |   0.0 |  1102
           D:2 |       0 |     333 |   0.0 |       0 |      23 |   0.0 |   920
           D:3 |       0 |     272 |   0.0 |       0 |      25 |   0.0 |  1679
           D:4 |       0 |     283 |   0.0 |       0 |      16 |   0.0 |   946
           D:5 |       0 |    1013 |   0.0 |       0 |      39 |   0.0 |  1717
           D:6 |       0 |    1571 |   0.0 |       0 |      31 |   0.0 |  1376
           D:7 |       0 |     695 |   0.0 |       0 |      20 |   0.0 |  1268
           D:8 |       0 |    3301 |   0.0 |       0 |      39 |   0.0 |  2021
           D:9 |       0 |    3050 |   0.0 |       0 |      20 |   0.0 |   634
          D:10 |       0 |    4211 |   0.0 |       0 |      20 |   0.0 |  1067
          D:11 |       0 |    3312 |   0.0 |       0 |      15 |   0.0 |   311
               +---------+---------+-------+---------+---------+-------+---------
